 Dungeon Crawl Stone Soup version 0.22-a0-866-geee50340df (console) character file.

3051 Lexodia the Destroyer (level 9, 0/82 HPs)
             Began as a Red Draconian Conjurer on July 28, 2018.
             Was a Follower of Vehumet.
             Succumbed to a killer bee's poison
             ... on level 8 of the Dungeon.
             The game lasted 00:36:14 (8725 turns).

Lexodia the Destroyer (Red Draconian Conjurer)      Turns: 8725, Time: 00:36:14

Health: 0/82       AC:  9    Str: 14 (15) XL:     9   Next: 57%
Magic:  1/19       EV: 14    Int: 17 (20) God:    Vehumet [*.....]
Gold:   238        SH:  0    Dex:  9 (11) Spells: 7/22 levels left

rFire    + . .     SeeInvis .   m - +1 dagger (holy)
rCold    . . .     Gourm    .   (no shield)
rNeg     . . .     Faith    .   (armour unavailable)
rPois    .         Spirit   +   (helmet restricted)
rElec    .         Reflect  .   v - +1 cloak {+Inv}
rCorr    .         Harm     .   (no gloves)
MR       .....                  (no boots)
Stlth    +.........             r - amulet of guardian spirit
HPRegen  0.23/turn              d - ring of wizardry
MPRegen  0.16/turn              (no ring)

@: mighty, lethally poisoned (0 -> -8), about to teleport, short of breath,
marked, hasted, very quick
A: breathe fire, unfitting armour, hooves 1, blink, fire resistance 1, robust 1,
cold-blooded, AC +7
a: Breathe Fire, Blink, Renounce Religion, Evoke Invisibility


You were on level 8 of the Dungeon.
You worshipped Vehumet.
Vehumet was aware of your devotion.
You were hungry.

You visited 2 branches of the dungeon, and saw 9 of its levels.
You also visited: Sewer.

You collected 298 gold pieces.
You spent 60 gold pieces at shops.

Inventory:

Hand Weapons
 l - a +2 dagger of protection
 m - a +1 dagger of holy wrath (weapon)
 n - a +2 dagger of speed
Armour
 a - the +1 cloak "Kuonenoc" {Str+3}
   (You found it on level 4 of the Dungeon)

   It affects your strength (+3).
 v - a +1 cloak of invisibility (worn)
Jewellery
 d - a ring of wizardry (left hand)
 r - an amulet of guardian spirit (around neck)
Wands
 s - a wand of flame (29)
 u - a wand of random effects (34)
Scrolls
 c - 9 scrolls of identify
 f - a scroll of enchant armour
 i - 5 scrolls of teleportation
 p - 3 scrolls of remove curse
 q - 4 scrolls of amnesia
 w - a scroll of immolation {unknown}
 x - a scroll of holy word {unknown}
 y - a scroll of brand weapon {unknown}
Potions
 e - 2 potions of brilliance
 h - 2 potions of mutation
 k - a potion of might
 t - a potion of degeneration
Comestibles
 b - 6 rations


   Skills:
 - Level 6.0 Fighting
 - Level 5.1 Dodging
 - Level 2.0 Stealth
 - Level 7.0 Spellcasting
 + Level 8.5 Conjurations
 + Level 3.2 Fire Magic


You had 7 spell levels left.
You knew the following spells:

 Your Spells              Type           Power        Failure   Level  Hunger
a - Magic Dart            Conj           ####         1%          1    None
b - Searing Ray           Conj           #####.       1%          2    None
c - Dazzling Spray        Conj/Hex       ###...       2%          3    ##.....
d - Iskenderun's Mystic   Conj           #####...     1%          4    ####...
e - Force Lance           Conj/Tloc      ###.....     9%          4    ####...
f - Flame Tongue          Conj/Fire      ####.        1%          1    None

Your spell library contained the following spells:

 Spells                   Type           Power        Failure   Level  Hunger
 Apportation              Tloc           #.....       4%          1    None
 Summon Small Mammal      Summ           #...         4%          1    None
 Animate Skeleton         Necr           N/A          4%          1    None
 Stone Arrow              Conj/Erth      ###...       2%          3    ##.....
 Confusing Touch          Hex            #.....       4%          1    None
 Passwall                 Tmut/Erth      #.......     7%          2    None
 Lee's Rapid Deconstruct  Erth           #.........   75%         5    #####..
 Sandblast                Erth           #.....       4%          1    None
 Petrify                  Tmut/Erth      #.......     41%         4    ####...
 Fulminant Prism          Conj/Hex       ###.......   9%          4    ####...


Dungeon Overview and Level Annotations

Branches:
Dungeon (9/15)             Temple (1/1) D:6
   Lair: D:8-11         Orc: D:9-12

Altars:
Ashenzari
Cheibriados
Dithmenos
Elyvilon
Fedhas
Gozag
Hepliaklqana
Makhleb
Nemelex Xobeh
Okawaru
Qazlal
Ru
Sif Muna
Trog
Uskayaw
Vehumet
Wu Jian
Xom
Yredelemnul
The Shining One

Shops:
D:4 }   D:9 *

Annotations:
D:8 Harold


Innate Abilities, Weirdness & Mutations

You can breathe blasts of fire.
Your fiery red scales are hard. (AC +7)
You cannot fit into any form of body armour.
Your flesh is heat resistant. (rF+)
You are cold-blooded and may be slowed by cold attacks.
You have large cloven feet.
You can translocate small distances at will.
You are robust. (+10% HP)


Message History

Okay, then.
Okay, then.
You can't do that yet.
Unknown command.
Okay, then.
You blink.
You feel slightly more hungry.
Huge Dmg: -4%(-3hp) hp: 3%(2hp)
* * * LOW HITPOINT WARNING * * *
You feel sick.
Huge Dmg: -1%(-1hp) hp: 2%(1hp)
Okay, then.
Okay, then.
Casting: Searing Ray (safe; 1% risk of failure)
Confirm with . or Enter, or press ? or * to list all spells.
Okay, then.
Unknown command.
Aiming: Random Effects
Press: ? - help, Shift-Dir - straight line, f - you, p - Harold You feel strangely unstable.
You die...

##......##.#....# #?
........##y#...(### ...
.......(..........#..# .
........##.##y.##.#..#..
........##.##yy.........
#.......##.##..##S#..#..
#.......##.##...........
##............@.y.......
..>รท........((..@......#
######..##.##(##.###.#.#
#..##.##$##.#
#............
#..##.##.##...
#..##.##.####. #.<##.##..
.. ..# #.# ..


You could see Harold, 4 killer bees and an adder.

Vanquished Creatures
  Grinder (D:5)
  A hippogriff (D:9)
  Sigmund (D:2)
  2 water moccasins
  An orc warrior (D:6)
  2 sky beasts
  A hornet zombie (D:5)
  An ice beast (D:9)
  A black bear (D:8)
  2 centaurs
  2 ogres
  3 big kobolds
  A scorpion (D:5)
  A howler monkey (D:4)
  4 jellies (D:9)
  2 crimson imps
  A quasit (D:6)
  A hound (D:5)
  3 orc priests
  Crazy Yiuf (D:5)
  2 orc wizards
  Terence (D:1)
  An iguana (D:5)
  4 worker ants
  A killer bee zombie (D:5)
  A hound zombie (D:6)
  Robin (D:3)
  13 adders
  8 river rats
  A shadow imp (D:9)
  19 oozes
  11 worms
  2 dart slugs
  2 leopard geckos
  31 orcs
  7 ball pythons
  4 giant cockroaches
  17 goblins
  7 hobgoblins
  6 jackals
  8 quokkas (D:5)
  16 bats
  4 frilled lizards
  A jackal zombie (D:5)
  10 kobolds
  A leopard gecko zombie (D:5)
  A quokka zombie (D:9)
  32 rats
244 creatures vanquished.

Vanquished Creatures (others)
  5 fungi (D:9)
5 creatures vanquished.

Grand Total: 249 creatures vanquished

Notes
Turn   | Place    | Note
-------+----------+-------------------------------------------
     0 | D:1      | Lexodia the Draconian Conjurer began the quest for the Orb.
     0 | D:1      | Reached XP level 1. HP: 14/14 MP: 3/3
    28 | D:1      | Huge Dmg: 3 dmg
   110 | D:1      | Huge Dmg: 4 dmg
   130 | D:1      | Reached XP level 2. HP: 11/20 MP: 1/5
   467 | D:1      | Reached XP level 3. HP: 18/26 MP: 0/6
   563 | D:1      | Learned a level 2 spell: Searing Ray
   567 | D:1      | Learned a level 3 spell: Dazzling Spray
   703 | D:1      | Found a sparkling altar of Nemelex Xobeh.
   928 | D:2      | Noticed Terence
  1073 | D:1      | Huge Dmg: 6 dmg
  1077 | D:1      | Huge Dmg: 5 dmg
  1148 | D:1      | Huge Dmg: 3 dmg
  1148 | D:1      | Killed Terence
  1148 | D:1      | Reached XP level 4. HP: 12/33 MP: 0/8
  1576 | D:2      | Huge Dmg: 9 dmg
  1625 | D:2      | Found a white marble altar of Elyvilon.
  1646 | D:2      | Reached skill level 1 in Fighting
  1678 | D:2      | Reached skill level 5 in Conjurations
  1819 | D:2      | Noticed Sigmund
  1835 | D:2      | Huge Dmg: 8 dmg
  1845 | D:2      | Killed Sigmund
  1845 | D:2      | Reached XP level 5. HP: 17/42 MP: 0/10
  2043 | D:3      | Reached XP level 6. HP: 35/50 MP: 2/11
  2183 | D:3      | Noticed Robin
  2302 | D:3      | Killed Robin
  2360 | D:3      | Learned a level 4 spell: Iskenderun's Mystic Blast
  2396 | D:3      | Huge Dmg: 10 dmg
  2495 | D:3      | Huge Dmg: 7 dmg
  3236 | D:4      | Gained mutation: You are robust. (+10% HP) [potion of mutation]
  3236 | D:4      | Gained mutation: You can translocate small distances at will. [potion of mutation]
  3236 | D:4      | Gained mutation: You have large cloven feet. [potion of mutation]
  3355 | D:4      | Found a glowing drain.
  3366 | Sewer    | Entered a sewer
  3520 | Sewer    | Reached skill level 6 in Conjurations
  3661 | Sewer    | Your scales start taking on a fiery red colour.
  3661 | Sewer    | Reached XP level 7. HP: 38/62 MP: 10/14
  3661 | Sewer    | Gained mutation: Your flesh is heat resistant. (rF+) [Red Draconian growth]
  3667 | Sewer    | Learned a level 4 spell: Force Lance
  3847 | Sewer    | Huge Dmg: 8 dmg
  4184 | D:4      | Huge Dmg: 12 dmg
  4199 | D:4      | Huge Dmg: 12 dmg
  4217 | D:4      | Reached skill level 5 in Spellcasting
  4315 | D:4      | Huge Dmg: 11 dmg
  4567 | D:4      | Found a deep blue altar of Sif Muna.
  4676 | D:4      | Found Hunir's Gadget Shop.
  4739 | D:4      | Got a translucent cloak
  4825 | D:4      | Identified the +1 cloak "Kuonenoc" {Str+3} (You found it on level 4 of the Dungeon)
  4968 | D:5      | Entered Level 5 of the Dungeon
  5203 | D:5      | Found a shimmering altar of Xom.
  5241 | D:5      | Noticed Grinder
  5245 | D:5      | Killed Grinder
  5245 | D:5      | Reached skill level 7 in Conjurations
  5245 | D:5      | Reached XP level 8. HP: 70/72 MP: 1/16
  5482 | D:5      | Huge Dmg: 5 dmg
  5501 | D:5      | Huge Dmg: 4 dmg
  5509 | D:5      | Huge Dmg: 4 dmg
  5565 | D:5      | Huge Dmg: 8 dmg
  6116 | D:5      | Found a runed door.
  6254 | D:5      | Reached skill level 5 in Fighting
  6687 | D:5      | Noticed Crazy Yiuf
  6690 | D:5      | Killed Crazy Yiuf
  6853 | D:6      | Found a staircase to the Ecumenical Temple.
  6860 | Temple   | Entered the Ecumenical Temple
  7051 | Temple   | Became a worshipper of Vehumet
  7146 | D:6      | Huge Dmg: 17 dmg
  7148 | D:6      | Huge Dmg: 19 dmg
  7150 | D:6      | Huge Dmg: 13 dmg
  7162 | D:6      | Huge Dmg: 8 dmg
  7197 | D:6      | Reached XP level 9. HP: 20/81 MP: 1/18
  7606 | D:6      | You fall through a shaft for 3 floors!
  7639 | D:9      | Reached skill level 8 in Conjurations
  7746 | D:9      | Reached * piety under Vehumet
  7746 | D:9      | Offered knowledge of Flame Tongue by Vehumet.
  7753 | D:9      | Learned a level 1 spell: Flame Tongue
  7939 | D:9      | Reached skill level 1 in Fire Magic
  8233 | D:9      | Found a bloodstained altar of Trog.
  8281 | D:9      | Huge Dmg: 36 dmg
  8316 | D:9      | Found Xeacriuc's General Store.
  8323 | D:9      | Bought a potion of heal wounds for 60 gold pieces
  8335 | D:9      | Huge Dmg: 10 dmg
  8341 | D:9      | Reached skill level 5 in Dodging
  8366 | D:9      | Huge Dmg: 8 dmg
  8411 | D:9      | Huge Dmg: 10 dmg
  8694 | D:8      | Noticed Harold
  8703 | D:8      | Huge Dmg: 14 dmg
  8704 | D:8      | Huge Dmg: 12 dmg
  8709 | D:8      | Huge Dmg: 14 dmg
  8710 | D:8      | Huge Dmg: 7 dmg
  8719 | D:8      | Huge Dmg: 10 dmg
  8720 | D:8      | Huge Dmg: 11 dmg
  8721 | D:8      | Huge Dmg: 6 dmg
  8723 | D:8      | Huge Dmg: 10 dmg
  8724 | D:8      | Huge Dmg: 3 dmg
  8724 | D:8      | HP: 1/82 [poisoned by a killer bee]
  8725 | D:8      | Huge Dmg: 1 dmg
  8725 | D:8      | Succumbed to a killer bee's poison

Vault maps used:
D:1:      minmay_arrival_diagonal_passages, grunt_decor_clamped, st_stairs_1,
          serial_park_tiny_pond, nemelex_diamond_rough_becter
D:2:      marbit_many_paths, minmay_pentomino_q2, uniq_terence, uniq_sigmund
D:3:      uniq_robin
D:4:      serial_shops, shop_fountains, portal_sewer_entry_e, first_ration,
          lemuel_blue_sif_altar
D:5:      lemuel_ratsnest, basic_altar, uniq_grinder, uniq_crazy_yiuf_cottage
D:6:      minmay_temple_entry_overgrown, grunt_nemelex_the_gamble
D:8:      kennysheep_windowed_halls, grunt_temple_overflow_order_and_chaos_1,
          gammafunk_temple_overflow_elements, blue_anna_alchemist, uniq_harold,
          uniq_maurice, uniq_joseph
D:9:      lemuel_slime, basic_altar, serial_shops, nicolae_shop_trees
Temple:   bh_familiar_temple
Sewer:    sewer_co_tree

Skill      XL: |  1  2  3  4  5  6  7  8  9 |
---------------+----------------------------+-----
Dodging        | 2 3 4 5 |  5.1
Stealth        | 2 |  2.0
Spellcasting   | 3 4 5 6 7 |  7.0
Fighting       | 2 3 4 5 6 |  6.0
Conjurations   | 5 6 7 8 |  8.5
Fire Magic     | 3 |  3.2

Action                   |  1- 3 |  4- 6 |  7- 9 || total
-------------------------+-------+-------+-------++-------
Melee: Unarmed           |    92 |    64 |       ||   156
       Tailslap          |     8 |    10 |    60 ||    78
       Dagger            |       |   135 |   467 ||   602
       Kick              |       |    16 |   105 ||   121
 Cast: Magic Dart        |    57 |    98 |   172 ||   327
       Searing Ray       |     3 |    10 |     8 ||    21
       Iskenderun's Myst |       |     6 |    34 ||    40
       Dazzling Spray    |       |       |     1 ||     1
       Flame Tongue      |       |       |     1 ||     1
 Abil: Breathe Fire      |       |       |    14 ||    14
       Blink             |       |       |     2 ||     2
Evoke: Wand              |       |       |     2 ||     2
  Use: Scroll            |       |    11 |       ||    11
       Potion            |       |     1 |     7 ||     8
 Stab: Sleeping          |     1 |     1 |     2 ||     4
  Eat: Chunk             |     1 |    10 |    24 ||    35
Armor: Skin              |    44 |    48 |   148 ||   240
Dodge: Dodged            |    72 |   150 |   312 ||   534

Table legend:
 A = Spawn XP
 B = Non-spawn XP
 C = Spawn XP percentage of total XP
 D = Spawn monster count
 E = Non-spawn monster count
 F = Spawn count percentage of total count
 G = Total turns spent on level
                    A         B        C        D         E        F      G
               +---------+---------+-------+---------+---------+-------+---------
         Total |       0 |    4359 |   0.0 |       0 |     244 |   0.0 |  8725
               +---------+---------+-------+---------+---------+-------+---------
           D:1 |       0 |      99 |   0.0 |       0 |      33 |   0.0 |  1235
           D:2 |       0 |     277 |   0.0 |       0 |      25 |   0.0 |   871
           D:3 |       0 |     107 |   0.0 |       0 |      28 |   0.0 |  1221
           D:4 |       0 |     259 |   0.0 |       0 |      26 |   0.0 |  1037
           D:5 |       0 |    1362 |   0.0 |       0 |      48 |   0.0 |  1694
           D:6 |       0 |     447 |   0.0 |       0 |      11 |   0.0 |   611
           D:8 |       0 |     160 |   0.0 |       0 |       2 |   0.0 |   240
           D:9 |       0 |    1315 |   0.0 |       0 |      42 |   0.0 |   879
        Temple |       0 |      13 |   0.0 |       0 |       1 |   0.0 |   220
         Sewer |       0 |     320 |   0.0 |       0 |      28 |   0.0 |   717
               +---------+---------+-------+---------+---------+-------+---------
